General information
- name: BNet
- type: Ladder team game (AT/RT)
- host: Battle.net
- saver: woodplz
map: Northshire
- players: 8
- length: 53:52
- speed: Fast
- version: 1.26 W3XP
- replay type: Public
» download(314 KB)
Players
team 1 (loser)
Baddora (
orange | 70 APM | 3234 actions | 46:04)
5 Mountain King
3 Storm Bolt
2 Bash
3 Blood Mage
1 Siphon Mana
2 Banish
1 Lich
1 Frost Nova
2 Tauren Chieftain
1 Shockwave
1 War Stomp
1 Blademaster
1 Wind Walk
1 Far Seer
1 Far Sight
1 Death Knight
1 Death Coil
» actions
| Assign group hotkey | 14 | |
| Basic commands | 12 | |
| Build / train | 175 | |
| ESC pressed | 1 | |
| Enter build submenu | 47 | |
| Enter hero's abilities submenu | 15 | |
| Give item / drop item | 3 | |
| Remove unit from queue | 9 | |
| Right click | 1836 | |
| Select / deselect | 792 | |
| Select group hotkey | 154 | |
| Use ability | 174 | |
3234 total
» units
| Peasant | 19 | |
| Footman | 8 | |
| Rogue | 2 | |
| Forest Troll High Priest | 1 | |
| Kobold Geomancer | 1 | |
| Assassin | 1 | |
| Gryphon Rider | 5 | |
| Dragonhawk Rider | 5 | |
| Gargoyle | 14 | |
| Raider | 1 | |
| Spirit Walker | 2 | |
| Troll Batrider | 5 | |
| Troll Witch Doctor | 4 | |
| Demolisher | 5 | |
| Knight | 2 | |
| Mortar Team | 2 | |
| Frost Wyrm | 3 | |
| Siege Engine | 2 | |
| Flying Machine | 3 | |
| Obsidian Statue | 1 | |
| Necromancer | 3 | |
| Meatwagon | 1 | |
| Ghoul | 2 | |
92 total
» upgrades
| Storm Hammers | 1 | |
| Swords | 3 | |
| Armor | 1 | |
| Animal War Training | 1 | |
| Witch Doctor Training | 2 | |
| Cloud | 1 | |
| Burning Oil | 1 | |
| Ensnare | 1 | |
| Fragmentation Shards | 1 | |
| Barrage | 1 | |
| Flak Cannons | 1 | |
| Creature Attack | 1 | |
| Destroyer Form | 1 | |
| Exhume Corpses | 1 | |
| Skeletal Longevity | 1 | |
| Gunpowder | 1 | |
19 total
» buildings
| Altar of Kings | 1 | |
| Farm | 11 | |
| Barracks | 1 | |
| Arcane Vault | 1 | |
| Lumber Mill | 1 | |
| Keep | 1 | |
| Town Hall | 1 | |
| Scout Tower | 2 | |
| Arcane Tower | 1 | |
| Castle | 1 | |
| Gryphon Aviary | 3 | |
| Blacksmith | 1 | |
| Guard Tower | 3 | |
| Ziggurat | 4 | |
| Spirit Tower | 1 | |
| Workshop | 2 | |
| Arcane Sanctum | 1 | |
| Sacrificial Pit | 1 | |
| Black Citadel | 1 | |
| Orc Burrow | 2 | |
| Temple of the Damned | 1 | |
| Slaughterhouse | 1 | |
| Boneyard | 2 | |
44 total
» build order
00:11 Altar of Kings
00:14 Farm
00:28 Barracks
01:05 Farm
01:26 Arcane Vault
02:04 Lumber Mill
02:14 Farm
02:17 Farm
03:54 Keep
04:37 Town Hall
04:51 Scout Tower
06:03 Arcane Tower
08:06 Castle
08:09 Gryphon Aviary
08:20 Blacksmith
09:57 Guard Tower
10:17 Scout Tower
10:27 Gryphon Aviary
10:41 Guard Tower
10:51 Gryphon Aviary
11:21 Guard Tower
12:05 Farm
12:06 Farm
13:55 Farm
13:58 Farm
15:25 Ziggurat
15:26 Ziggurat
15:28 Ziggurat
15:29 Ziggurat
16:58 Spirit Tower
23:41 Guard Tower
23:56 Workshop
23:58 Workshop
24:35 Farm
24:42 Arcane Sanctum
25:00 Sacrificial Pit
26:07 Black Citadel
27:50 Orc Burrow
28:10 Temple of the Damned
28:14 Slaughterhouse
30:07 Farm
30:08 Farm
31:09 Boneyard
31:11 Boneyard
40:15 Orc Burrow
» items
| Scroll of Regeneration | 5 | |
| Lesser Clarity Potion | 2 | |
| Scroll of Town Portal | 7 | |
| Ivory Tower | 8 | |
| Scroll of Healing | 1 | |
| Periapt of Vitality | 1 | |
| Staff of Teleportation | 1 | |
| Staff of Sanctuary | 1 | |
| Orb of Fire | 1 | |
| Healing Salve | 1 | |
| Scroll of Protection | 1 | |
29 total
2fast4u (
green | 38 APM | 500 actions | 13:14)
3 Death Knight
1 Death Coil
1 Death Pact
1 Unholy Aura
» actions
| Basic commands | 7 | |
| Build / train | 58 | |
| Enter build submenu | 14 | |
| Enter hero's abilities submenu | 3 | |
| Remove unit from queue | 2 | |
| Right click | 193 | |
| Select / deselect | 187 | |
| Use ability | 36 | |
500 total
» units
| Acolyte | 7 | |
| Ghoul | 2 | |
| Crypt Fiend | 19 | |
28 total
» upgrades
| Creature Attack | 1 | |
| Creature Carapace | 1 | |
| Web | 1 | |
3 total
» buildings
| Graveyard | 1 | |
| Crypt | 2 | |
| Altar of Darkness | 1 | |
| Ziggurat | 6 | |
| Tomb of Relics | 1 | |
| Necropolis | 1 | |
| Halls of the Dead | 2 | |
| Spirit Tower | 5 | |
| Nerubian Tower | 2 | |
21 total
» build order
00:28 Graveyard
00:31 Crypt
00:45 Altar of Darkness
01:03 Ziggurat
01:23 Tomb of Relics
02:24 Crypt
02:39 Ziggurat
05:26 Ziggurat
06:10 Ziggurat
07:35 Necropolis
07:48 Halls of the Dead
07:48 Halls of the Dead
08:31 Ziggurat
08:40 Ziggurat
09:29 Spirit Tower
09:30 Spirit Tower
09:32 Spirit Tower
09:51 Nerubian Tower
10:13 Spirit Tower
10:25 Nerubian Tower
» items
| Rod of Necromancy | 3 | |
| Scroll of Town Portal | 2 | |
| Potion of Healing | 1 | |
| Scroll of Speed | 2 | |
8 total
Not4RealJKDumb (
red | 60 APM | 3204 actions | 53:29)
10 Blademaster
3 Wind Walk
3 Critical Strike
1 Bladestorm
3 Mirror Image
1 Death Knight
1 Death Coil
» actions
| Assign group hotkey | 60 | |
| Basic commands | 250 | |
| Build / train | 102 | |
| Enter build submenu | 69 | |
| Enter hero's abilities submenu | 11 | |
| Give item / drop item | 16 | |
| Remove unit from queue | 1 | |
| Right click | 1320 | |
| Select / deselect | 525 | |
| Select group hotkey | 425 | |
| Use ability | 425 | |
3204 total
» units
| Peon | 13 | |
| Grunt | 4 | |
| Troll Batrider | 13 | |
| Wind Rider | 3 | |
33 total
» upgrades
| Liquid Fire | 1 | |
| Troll Regeneration | 1 | |
| Ranged Weapons | 3 | |
| Armor | 3 | |
| Reinforced Defenses | 2 | |
| Melee Weapons | 1 | |
| Pillage | 1 | |
| Ensnare | 1 | |
| Envenomed Spears | 1 | |
14 total
» buildings
| Orc Burrow | 5 | |
| Altar of Storms | 1 | |
| Barracks | 1 | |
| Voodoo Lounge | 2 | |
| War Mill | 3 | |
| Watch Tower | 50 | |
| Stronghold | 1 | |
| Great Hall | 2 | |
| Beastiary | 4 | |
| Fortress | 1 | |
| Spirit Lodge | 1 | |
71 total
» build order
00:12 Orc Burrow
00:55 Altar of Storms
00:56 Barracks
01:07 Orc Burrow
01:38 Voodoo Lounge
02:46 War Mill
03:42 Orc Burrow
04:06 Watch Tower
04:10 Watch Tower
04:35 Stronghold
05:20 Great Hall
07:16 Orc Burrow
07:54 Watch Tower
07:56 Watch Tower
07:57 Watch Tower
07:57 Watch Tower
09:18 Beastiary
09:18 Beastiary
09:20 Beastiary
09:21 Beastiary
09:27 Watch Tower
09:27 Watch Tower
09:28 Watch Tower
10:13 Fortress
11:26 War Mill
15:44 Watch Tower
15:45 Watch Tower
15:45 Watch Tower
15:46 Watch Tower
19:11 Watch Tower
19:11 Watch Tower
19:12 Watch Tower
25:42 Watch Tower
25:43 Watch Tower
25:43 Watch Tower
25:44 Watch Tower
25:44 Watch Tower
25:45 Watch Tower
26:35 Watch Tower
26:35 Watch Tower
26:35 Watch Tower
26:36 Watch Tower
29:22 Watch Tower
29:22 Watch Tower
29:23 Watch Tower
29:23 Watch Tower
29:23 Watch Tower
29:24 Watch Tower
29:25 Watch Tower
29:27 Watch Tower
32:58 Great Hall
33:03 Watch Tower
33:03 Watch Tower
33:04 Watch Tower
33:04 Watch Tower
33:14 Watch Tower
33:15 Watch Tower
33:15 Watch Tower
33:15 Watch Tower
33:16 Watch Tower
33:16 Watch Tower
33:17 Watch Tower
33:23 Watch Tower
33:24 Watch Tower
33:25 Watch Tower
33:25 Watch Tower
33:33 War Mill
33:50 Voodoo Lounge
39:13 Spirit Lodge
41:58 Orc Burrow
» items
| Healing Salve | 8 | |
| Boots of Speed | 1 | |
| Lesser Clarity Potion | 8 | |
| Potion of Mana | 7 | |
| Potion of Healing | 8 | |
| Scroll of Town Portal | 7 | |
| Orb of Lightning | 1 | |
40 total

»
MassiveAnalPlug (
yellow | 72 APM | 947 actions | 13:09)
3 Blademaster
1 Wind Walk
2 Critical Strike
1 Tauren Chieftain
1 War Stomp
» actions
| Assign group hotkey | 7 | |
| Basic commands | 242 | |
| Build / train | 49 | |
| Enter build submenu | 16 | |
| Enter hero's abilities submenu | 4 | |
| Remove unit from queue | 10 | |
| Right click | 233 | |
| Select / deselect | 172 | |
| Select group hotkey | 160 | |
| Use ability | 54 | |
947 total
» units
| Peon | 14 | |
| Grunt | 2 | |
| Assassin | 1 | |
| Wind Rider | 6 | |
| Spirit Walker | 3 | |
26 total
» upgrades
| Ranged Weapons | 1 | |
| Spirit Walker Training | 2 | |
| Envenomed Spears | 1 | |
4 total
» buildings
| Altar of Storms | 1 | |
| Orc Burrow | 4 | |
| Voodoo Lounge | 1 | |
| War Mill | 1 | |
| Barracks | 1 | |
| Stronghold | 1 | |
| Great Hall | 1 | |
| Beastiary | 3 | |
| Spirit Lodge | 2 | |
| Fortress | 2 | |
17 total
» build order
00:17 Altar of Storms
00:22 Orc Burrow
01:17 Voodoo Lounge
01:26 War Mill
01:38 Barracks
03:06 Orc Burrow
03:08 Stronghold
03:29 Orc Burrow
05:52 Great Hall
05:58 Beastiary
06:03 Spirit Lodge
07:26 Beastiary
07:30 Spirit Lodge
08:07 Fortress
08:08 Fortress
08:12 Beastiary
10:41 Orc Burrow
» items
| Healing Salve | 3 | |
| Scroll of Town Portal | 1 | |
| Potion of Healing | 1 | |
5 total
team 2 (winner)
imnumber2 (
pink | 55 APM | 1121 actions | 20:19)
4 Keeper of the Grove
2 Force of Nature
1 Entangling Roots
1 Thorns Aura
» actions
| Assign group hotkey | 9 | |
| Basic commands | 39 | |
| Build / train | 69 | |
| ESC pressed | 2 | |
| Enter build submenu | 23 | |
| Enter hero's abilities submenu | 4 | |
| Right click | 481 | |
| Select / deselect | 303 | |
| Select group hotkey | 136 | |
| Use ability | 55 | |
1121 total
» units
| Wisp | 35 | |
| Huntress | 8 | |
| Archer | 3 | |
| Hippogryph | 3 | |
49 total
» upgrades
| Strength of the Moon | 2 | |
| Moon Armor | 2 | |
| Improved Bows | 1 | |
| Marksmanship | 1 | |
| Upgrade Moon Glaive | 1 | |
7 total
» buildings
| Moon Well | 10 | |
| Altar of Elders | 1 | |
| Hunter's Hall | 1 | |
| Ancient of War | 2 | |
| Ancient Protector | 3 | |
| Ancient of Wonders | 1 | |
| Tree of Life | 2 | |
| Tree of Ages | 1 | |
| Tree of Eternity | 1 | |
| Ancient of Wind | 4 | |
26 total
» build order
00:10 Moon Well
00:16 Altar of Elders
01:01 Hunter's Hall
01:43 Ancient of War
02:04 Moon Well
02:09 Moon Well
02:21 Ancient of War
02:42 Ancient Protector
02:45 Ancient of Wonders
04:15 Tree of Life
04:56 Ancient Protector
06:02 Tree of Ages
10:03 Tree of Eternity
10:08 Moon Well
10:10 Moon Well
10:14 Moon Well
10:14 Moon Well
10:15 Moon Well
10:15 Moon Well
10:16 Moon Well
12:53 Ancient of Wind
12:54 Ancient of Wind
12:55 Ancient of Wind
12:56 Ancient of Wind
14:06 Ancient Protector
15:26 Tree of Life
» items
| Scroll of Protection | 2 | |
| Scroll of Healing | 1 | |
3 total

»
Gauntlet (
purple | 40 APM | 2164 actions | 53:29)
5 Death Knight
3 Death Coil
1 Unholy Aura
1 Death Pact
3 Lich
2 Frost Nova
1 Frost Armor
3 Crypt Lord
1 Impale
2 Carrion Beetles
» actions
| Basic commands | 60 | |
| Build / train | 117 | |
| Enter build submenu | 38 | |
| Enter hero's abilities submenu | 11 | |
| Give item / drop item | 6 | |
| Remove unit from queue | 2 | |
| Right click | 1276 | |
| Select / deselect | 523 | |
| Use ability | 131 | |
2164 total
» units
| Acolyte | 14 | |
| Ghoul | 8 | |
| Crypt Fiend | 14 | |
| Obsidian Statue | 6 | |
| Frost Wyrm | 3 | |
| Gargoyle | 12 | |
57 total
» upgrades
| Creature Carapace | 3 | |
| Creature Attack | 3 | |
| Web | 1 | |
| Burrow | 1 | |
| Freezing Breath | 1 | |
| Stone Form | 1 | |
10 total
» buildings
| Crypt | 2 | |
| Ziggurat | 15 | |
| Altar of Darkness | 1 | |
| Graveyard | 1 | |
| Tomb of Relics | 2 | |
| Necropolis | 3 | |
| Halls of the Dead | 1 | |
| Black Citadel | 1 | |
| Sacrificial Pit | 1 | |
| Slaughterhouse | 1 | |
| Boneyard | 3 | |
| Spirit Tower | 11 | |
| Nerubian Tower | 3 | |
45 total
» build order
00:14 Crypt
00:17 Ziggurat
00:35 Altar of Darkness
01:00 Graveyard
01:34 Tomb of Relics
01:54 Ziggurat
03:29 Necropolis
04:48 Halls of the Dead
06:41 Ziggurat
07:25 Ziggurat
07:26 Tomb of Relics
08:02 Black Citadel
08:06 Sacrificial Pit
08:27 Slaughterhouse
09:46 Ziggurat
09:51 Ziggurat
10:55 Boneyard
10:57 Boneyard
10:58 Boneyard
11:29 Spirit Tower
11:31 Nerubian Tower
11:32 Spirit Tower
15:14 Ziggurat
15:22 Necropolis
15:39 Spirit Tower
15:41 Spirit Tower
15:42 Spirit Tower
17:46 Ziggurat
17:51 Ziggurat
20:38 Crypt
20:57 Spirit Tower
20:58 Nerubian Tower
24:13 Spirit Tower
24:14 Spirit Tower
25:38 Necropolis
25:45 Ziggurat
25:47 Ziggurat
25:49 Ziggurat
26:23 Ziggurat
26:26 Ziggurat
26:33 Ziggurat
27:23 Spirit Tower
27:25 Nerubian Tower
27:26 Spirit Tower
» items
| Rod of Necromancy | 1 | |
| Sacrificial Skull | 1 | |
| Scroll of Regeneration | 3 | |
| Boots of Speed | 2 | |
| Potion of Lesser Invulnerability | 3 | |
| Scroll of Town Portal | 2 | |
| Staff of Teleportation | 1 | |
| Potion of Invisibility | 6 | |
19 total
woodplz (
teal | 112 APM | 6049 actions | 53:52)
10 Archmage
3 Summon Water Elemental
3 Brilliance Aura
1 Mass Teleport
3 Blizzard
» actions
| Assign group hotkey | 84 | |
| Basic commands | 473 | |
| Build / train | 193 | |
| ESC pressed | 1 | |
| Enter build submenu | 54 | |
| Enter hero's abilities submenu | 10 | |
| Give item / drop item | 5 | |
| Right click | 2179 | |
| Select / deselect | 675 | |
| Select group hotkey | 2099 | |
| Use ability | 275 | |
6049 total
» units
| Peasant | 22 | |
| Footman | 5 | |
| Assassin | 3 | |
| Gryphon Rider | 5 | |
| Dragonhawk Rider | 5 | |
| Forest Troll High Priest | 1 | |
| Mortar Team | 1 | |
| Flying Machine | 10 | |
52 total
» upgrades
| Masonry | 5 | |
| Swords | 3 | |
| Lumber Harvesting | 2 | |
| Armor | 4 | |
| Animal War Training | 1 | |
| Storm Hammers | 1 | |
| Cloud | 1 | |
| Gunpowder | 3 | |
| Ultravision | 1 | |
| Fragmentation Shards | 1 | |
| Flak Cannons | 1 | |
| Flying Machine Bombs | 1 | |
| Plating | 3 | |
| Backpack | 1 | |
| Long Rifles | 1 | |
| Defend | 1 | |
| Flare | 1 | |
| Barrage | 1 | |
32 total
» buildings
| Altar of Kings | 1 | |
| Barracks | 1 | |
| Farm | 8 | |
| Arcane Vault | 1 | |
| Town Hall | 4 | |
| Keep | 3 | |
| Blacksmith | 1 | |
| Lumber Mill | 1 | |
| Scout Tower | 32 | |
| Guard Tower | 30 | |
| Castle | 2 | |
| Gryphon Aviary | 4 | |
| Workshop | 3 | |
91 total
» build order
00:48 Altar of Kings
00:49 Barracks
00:52 Farm
01:05 Farm
01:49 Farm
02:12 Arcane Vault
02:20 Farm
04:04 Town Hall
06:01 Keep
06:01 Keep
06:03 Blacksmith
06:06 Lumber Mill
07:38 Scout Tower
07:39 Scout Tower
07:40 Scout Tower
07:42 Town Hall
07:44 Scout Tower
08:01 Scout Tower
08:02 Scout Tower
08:03 Scout Tower
08:04 Scout Tower
08:07 Guard Tower
08:07 Guard Tower
08:36 Guard Tower
08:36 Guard Tower
08:38 Guard Tower
08:38 Guard Tower
10:12 Scout Tower
10:13 Scout Tower
10:16 Scout Tower
10:18 Scout Tower
10:19 Scout Tower
10:20 Castle
10:20 Castle
11:12 Gryphon Aviary
11:40 Gryphon Aviary
12:24 Gryphon Aviary
13:29 Farm
13:30 Farm
14:05 Farm
14:05 Farm
15:32 Scout Tower
15:33 Scout Tower
15:33 Scout Tower
15:34 Scout Tower
16:06 Guard Tower
16:07 Guard Tower
18:30 Gryphon Aviary
20:07 Scout Tower
20:08 Scout Tower
20:09 Scout Tower
21:03 Guard Tower
25:06 Town Hall
25:08 Scout Tower
25:09 Scout Tower
25:09 Scout Tower
25:10 Scout Tower
26:05 Town Hall
26:07 Scout Tower
26:07 Scout Tower
26:08 Scout Tower
26:09 Scout Tower
26:11 Scout Tower
26:14 Scout Tower
26:15 Scout Tower
26:20 Scout Tower
26:32 Guard Tower
26:32 Guard Tower
26:34 Guard Tower
26:35 Guard Tower
26:35 Guard Tower
26:35 Guard Tower
26:35 Guard Tower
26:36 Guard Tower
26:36 Guard Tower
26:43 Workshop
26:46 Workshop
26:49 Workshop
27:22 Guard Tower
41:09 Guard Tower
41:09 Guard Tower
» items
| Scroll of Regeneration | 8 | |
| Periapt of Vitality | 1 | |
| Staff of Teleportation | 1 | |
| Potion of Lesser Invulnerability | 4 | |
| Scroll of Town Portal | 4 | |
| Staff of Sanctuary | 1 | |
| Mechanical Critter | 2 | |
| Potion of Healing | 1 | |
22 total
brits (
blue | 46 APM | 1498 actions | 32:33)
6 Paladin
2 Holy Light
2 Devotion Aura
1 Divine Shield
1 Resurrection
» actions
| Assign group hotkey | 33 | |
| Basic commands | 33 | |
| Build / train | 89 | |
| Enter build submenu | 28 | |
| Enter hero's abilities submenu | 6 | |
| Remove unit from queue | 2 | |
| Right click | 472 | |
| Select / deselect | 247 | |
| Select group hotkey | 511 | |
| Use ability | 77 | |
1498 total
» units
| Peasant | 15 | |
| Footman | 15 | |
| Knight | 9 | |
| Siege Engine | 12 | |
51 total
» upgrades
| Defend | 1 | |
| Lumber Harvesting | 2 | |
| Plating | 3 | |
| Barrage | 1 | |
| Swords | 3 | |
| Animal War Training | 1 | |
| Gunpowder | 2 | |
13 total
» buildings
| Altar of Kings | 1 | |
| Farm | 16 | |
| Barracks | 2 | |
| Lumber Mill | 1 | |
| Scout Tower | 11 | |
| Arcane Vault | 1 | |
| Arcane Tower | 3 | |
| Blacksmith | 1 | |
| Guard Tower | 5 | |
| Town Hall | 2 | |
| Keep | 2 | |
| Castle | 1 | |
| Workshop | 3 | |
49 total
» build order
00:28 Altar of Kings
00:43 Farm
00:57 Barracks
01:19 Farm
01:27 Lumber Mill
01:46 Scout Tower
02:06 Scout Tower
02:17 Farm
02:45 Arcane Vault
02:52 Arcane Tower
03:07 Farm
03:35 Blacksmith
03:46 Guard Tower
04:11 Farm
04:56 Town Hall
05:00 Scout Tower
05:02 Scout Tower
05:03 Scout Tower
05:05 Scout Tower
05:44 Barracks
07:03 Keep
07:03 Keep
07:49 Farm
08:36 Scout Tower
08:39 Guard Tower
08:42 Arcane Tower
09:35 Guard Tower
09:42 Castle
10:19 Farm
10:40 Workshop
10:42 Workshop
13:44 Workshop
14:41 Farm
14:43 Farm
14:46 Farm
16:37 Scout Tower
16:40 Scout Tower
19:31 Guard Tower
19:47 Farm
19:49 Farm
19:50 Farm
19:53 Scout Tower
19:54 Scout Tower
19:57 Farm
19:59 Farm
22:16 Guard Tower
23:32 Farm
24:10 Arcane Tower
28:55 Town Hall
» items
| Scroll of Regeneration | 2 | |
| Scroll of Town Portal | 1 | |
| Potion of Healing | 1 | |
| Orb of Fire | 1 | |
5 total
Chat log
(00:12 / All) MassiveAnalPlug: i feel something missing on the inside
(00:27 / All) imnumber2: its no that map
(00:35 / All) MassiveAnalPlug: anyway, good luck and have fun
(00:39 / All) imnumber2: =
(00:46 / All) MassiveAnalPlug: im tired of being raped by people
(00:47 / Allies) Gauntlet: ghol expo fend frost
(00:52 / All) Baddora: STFU
(00:55 / All) MassiveAnalPlug: literally and figuratively
(00:56 / Allies) imnumber2: mass hypradiers kotg hunts for rush
(00:59 / All) MassiveAnalPlug: no
(01:07 / All) MassiveAnalPlug: iv had enough of you baddora
(01:10 / All) imnumber2: no
(01:12 / Allies) Gauntlet: are we not fast expoing?
(01:21 / Allies) imnumber2: ye
(01:25 / Allies) imnumber2: fast expo and rush
(01:28 / Allies) Gauntlet: k
(01:41 / All) Baddora: nickname
(01:50 / All) MassiveAnalPlug: fuck you. i dont know you like that
(01:57 / All) Baddora: lol
(01:58 / All) MassiveAnalPlug: haha. j
(04:53 / Allies) Gauntlet: rdy
(05:04 / Allies) imnumber2: ye
(05:37 / Allies) brits: where?
(05:40 / Allies) imnumber2: u say
(05:41 / Allies) imnumber2: m fast
(05:46 / Allies) imnumber2: i got car
(05:53 / Allies) imnumber2: go
(05:57 / Allies) woodplz: pink let's creep mid
(06:08 / Allies) imnumber2: no
(06:08 / Allies) imnumber2: hit
(06:11 / Allies) imnumber2: we sad rush
(06:53 / Allies) imnumber2: opmg teal
(06:55 / Allies) imnumber2: suck a dick
(06:57 / Allies) imnumber2: hjelp me mofo
(06:57 / Allies) woodplz: I want to creep
(06:58 / Allies) woodplz: fag
(07:01 / Allies) Gauntlet: out
(07:10 / Allies) imnumber2: fuck im stealing exp then
(07:31 / Allies) brits: out
(09:30 / Allies) Gauntlet: where 2
(12:07 / Allies) imnumber2: bm
(13:17 / All) Not4RealJKDumb: .....
(13:18 / All) imnumber2: u guys suck hard
(13:20 / All) Not4RealJKDumb: we repelled the attack
(13:44 / Allies) imnumber2: wood
(13:49 / Allies) imnumber2: wood
(13:50 / Allies) imnumber2: 100
(13:50 / Allies) imnumber2: plz
(13:51 / Allies) imnumber2: ty
(14:09 / Allies) woodplz: wood plz
(14:11 / All) Not4RealJKDumb: why quit when we repellled attack
(15:13 / Allies) imnumber2: allo
(15:16 / Allies) imnumber2: me caling someone
(15:29 / Allies) brits: sory cant help
(15:36 / Allies) Gauntlet: buying tps
(16:30 / Allies) woodplz: pink tk
(16:34 / Allies) woodplz: I was in his base
(16:36 / Allies) woodplz: and he started attacking me
(16:37 / Allies) imnumber2: u idnt let me move
(16:42 / Allies) woodplz: wtf?
(16:46 / Allies) woodplz: you just fucking attacked me out of nowhere
(16:59 / Allies) woodplz: pink is tk
(17:05 / Allies) Gauntlet: ?
(17:13 / Allies) Gauntlet: u playing or not
(17:15 / All) woodplz: pink is tk
(17:21 / Allies) Gauntlet: with hips
(17:23 / Allies) Gauntlet: and bats
(17:25 / All) imnumber2: u really think i am
(17:30 / All) imnumber2: im better thatn this garbage
(17:31 / All) woodplz: no shit you attacked me
(17:37 / All) woodplz: then leave noob tker
(17:40 / All) woodplz: and let us finish the game
(17:45 / All) imnumber2: now im feeding cus he teamkilled me
(17:46 / All) imnumber2: :;)
(17:47 / All) imnumber2: gg
(17:49 / All) imnumber2: c ya
(18:37 / Allies) woodplz: tk noob
(19:11 / Allies) Gauntlet: teal?
(19:27 / Allies) Gauntlet: teal u helpinig
(19:29 / Allies) Gauntlet: or im out
(19:31 / Allies) woodplz: hm?
(19:32 / Allies) imnumber2: hes noob
(19:34 / Allies) woodplz: what
(19:36 / Allies) imnumber2: he blocked my hero
(19:40 / Allies) imnumber2: thats why i killd hes footie
(19:44 / Allies) imnumber2: he was on mne
(19:49 / Allies) woodplz: no
(19:50 / Allies) imnumber2: bloking
(19:51 / Allies) woodplz: you are noob tk
(19:52 / Allies) imnumber2: like for minutes
(19:55 / Allies) woodplz: don't call me a bloke
(19:56 / Allies) woodplz: fucking noob
(20:06 / Allies) imnumber2: lmao check ur stats
(20:08 / Allies) imnumber2: ur htenoob
(20:15 / Allies) imnumber2: i bet u have no father
(20:16 / Allies) woodplz: 0-0 more respectable than your record
(20:16 / Allies) imnumber2: bye
(20:20 / Allies) woodplz: 22-20 now
(20:21 / Allies) woodplz: noob
(27:02 / All) Not4RealJKDumb: I love auto web
(29:28 / Allies) Gauntlet: wtf teal
(29:29 / Allies) Gauntlet: wow
(29:36 / Allies) woodplz: hmm?
(29:51 / Allies) Gauntlet: what a guy
(29:56 / Allies) Gauntlet: showing your bs skills
(30:14 / Allies) brits: bm
(30:15 / Allies) brits: dudes
(30:31 / All) Gauntlet: gg we had a bser as u know
(30:57 / Allies) brits: i had em
(31:01 / Allies) brits: i was tping..
(34:06 / All) woodplz: Such noobs on my team
(34:18 / All) Not4RealJKDumb: yellow leaving
(34:21 / All) Not4RealJKDumb: and then green following suit
(34:23 / All) Not4RealJKDumb: ruined the game
(34:31 / All) Not4RealJKDumb: I have no clue why he would leave
(34:34 / All) Not4RealJKDumb: AFTER repelling the attack
(34:41 / All) Not4RealJKDumb: why notp leave as soon as they attacked
(34:46 / All) Not4RealJKDumb: they did no damage
(34:48 / All) Not4RealJKDumb: what a dumb pussy
(35:39 / All) woodplz: LOL
(35:42 / All) woodplz: good mk control
(36:14 / All) Not4RealJKDumb: this map sucks for wood
(37:14 / All) Not4RealJKDumb: you fat balogna faced nigger!
(38:48 / All) woodplz: lawl
(39:00 / All) woodplz: Flyign machines op
(39:03 / All) woodplz: Only have 12 of them too
(40:18 / All) woodplz: Purple are you here?
(40:24 / Allies) Gauntlet: nope
(40:28 / All) woodplz: Alright purple
(40:29 / All) woodplz: orange
(40:30 / All) woodplz: listen up
(40:38 / All) woodplz: Red and I were in this together, you are the unlucky two remaining
(40:51 / All) woodplz: We are going to kill everything including our own units
(40:54 / All) Gauntlet: yep seen this b4
(40:55 / All) woodplz: Only buildings will remain
(40:57 / All) Gauntlet: not odd
(41:01 / All) woodplz: To win, you will have to leave your computers on all night
(41:02 / All) woodplz: Sound fair?
(41:10 / All) Gauntlet: i guess i can
(41:12 / All) Gauntlet: i have 3
(41:18 / All) woodplz: Good
(41:21 / All) Gauntlet: and google
(41:26 / All) woodplz: This is unusual if you've been standoffed before it was by us
(42:00 / All) Gauntlet: looks like teal better than red
(42:08 / All) woodplz: lawl
(44:15 / All) Baddora: OMG
(44:19 / All) Baddora: YOU GUYS ARE THE BIGGEST
(44:20 / All) Baddora: fAGGOTS
(44:25 / All) woodplz: did you listen to the rules?
(44:28 / All) Baddora: no
(44:29 / All) Gauntlet: LOL
(44:30 / All) woodplz: will you leave your PC on all night orange?
(44:32 / All) woodplz: for the win?
(44:37 / All) Baddora: FUCK YOU
(44:38 / All) Baddora: nO
(44:46 / All) woodplz: then leave
(44:54 / All) Baddora: SOOOOO STUPID
(45:02 / All) woodplz: 14-8, out
(45:10 / All) Baddora: FUCK YOU BITCH
(45:18 / All) woodplz: lol
(45:48 / All) Baddora: loll
(46:08 / All) woodplz: Bad luck purple
(46:10 / All) woodplz: You lose
(46:16 / Allies) Gauntlet: its ok
(46:18 / All) Gauntlet: Its ok
(46:25 / All) Gauntlet: having fun
(47:19 / Allies) Gauntlet: lot of wyven
(49:45 / All) Gauntlet: LOL
(49:48 / All) Gauntlet: ok
(49:53 / All) Gauntlet: i go on my other account
(49:55 / All) woodplz: out
(50:02 / All) Not4RealJKDumb: out filth!
(52:50 / All) woodplz: Any final words for us purple?
(53:02 / All) woodplz: how's it feel to be 28-29 purple?
(53:13 / All) Not4RealJKDumb: lol
(53:16 / All) Not4RealJKDumb: not even 50%
(53:18 / All) Not4RealJKDumb: what a scrub